 Dungeon Crawl Stone Soup version 0.17-a0-1337-ge651487 (webtiles) character file.

944 nuthulu the Skirmisher (level 8, -1/52 HPs)
             Began as a Gargoyle Fighter on June 10, 2015.
             Killed by divine providence
             ... invoked by an orc priest
              (12 damage)
             ... on level 4 of the Dungeon.
             The game lasted 00:15:37 (4670 turns).

nuthulu the Skirmisher (Gargoyle Fighter)           Turns: 4670, Time: 00:15:37

Health: -1/52      AC: 21    Str: 21    XL:     8   Next: 12%
Magic:  8/8        EV:  6    Int: 10    God:
Gold:   281        SH: 10    Dex:  9    Spells: 0 memorised, 7 levels left

rFire  . . .     SeeInvis .     d - +1 whip (flame)
rCold  . . .     Clarity  .     p - +0 chain mail
rNeg   + . .     SustAt   .     c - +1 shield
rPois  ∞         Gourm    .     f - +0 helmet
rElec  +         Spirit   .     o - +2 cloak
rCorr  .         Warding  .     u - +0 pair of gloves
rMut   .         Stasis   .     (no boots)
MR     .....                    (no amulet)
Stlth  ..........               (no ring)
                                i - ring of teleport control

@: not resistant to hostile enchantments, extremely unstealthy
A: negative energy resistance 1, electricity resistance, unbreathing,
petrification resistance, rot immunity, AC +5
a: Evoke Teleport Control


You were on level 4 of the Dungeon.
You were not hungry.

You visited 1 branch of the dungeon, and saw 5 of its levels.

You collected 281 gold pieces.

Inventory:

Hand weapons
 a - a +0 flail
 d - a +1 whip of flaming (weapon)
Armour
 b - a +0 scale mail
 c - a +1 shield (worn)
 f - a +0 helmet (worn)
 o - a +2 cloak (worn)
 p - a +0 chain mail (worn)
 u - a +0 pair of gloves (worn)
Jewellery
 i - a ring of teleport control (left hand)
 m - a +2 ring of intelligence
 n - an uncursed ring of ice
Magical devices
 t - a wand of fire (11)
Scrolls
 l - a scroll of remove curse
 r - a scroll of magic mapping {unknown}
 v - a scroll of teleportation
Potions
 h - a potion of cancellation {unknown}
 q - a potion of brilliance {unknown}
 s - a potion of heal wounds {unknown}
Comestibles
 e - 2 bread rations
 j - a slice of pizza
 k - 2 meat rations


   Skills:
 + Level 6.4 Fighting
 + Level 5.1 Maces & Flails
 + Level 6.0 Armour
 - Level 5.0 Shields


You had 7 spell levels left.
You didn't know any spells.

Dungeon Overview and Level Annotations

Branches:
Dungeon (5/15)
 Temple: D:4-7

Altars:
Dithmenos
Fedhas
Makhleb
Trog
Xom

Annotations:
D:5 Sigmund


Innate Abilities, Weirdness & Mutations

You are resistant to torment.
Your stone body is resilient (AC +5).
You are immune to poison.
You resist negative energy.
You are resistant to electric shocks.
You can survive without breathing.
You are immune to petrification.
You are immune to rotting.


Message History

You block the orc's attack.
Unknown command.
Your shield and chain mail prevent you from hitting the orc priest.
The orc priest is heavily wounded.
You block the orc priest's attack.
The orc priest hits you but does no damage.
Unknown command.
You hit the orc priest. You burn the orc priest.
The orc priest is almost dead.
You block the orc's attack.
The orc priest hits you but does no damage. x2
Unknown command.
You hit the orc priest. You burn the orc priest.
You kill the orc priest!
The orc hits you but does no damage.
Unknown command.
You closely miss the orc priest.
The orc priest mumbles some strange prayers to Beogh against you.
Something smites you!
You die...

..................>.#
[...................#
##.##.###.###.##....#
...............#....#
##.##.###......#....#
+..............#....#
##.##.###...........#
##.##.###..###.#.#..#
...##.#....###.#@#..##
)..##.#.##......o)........
...##+#.........o......(..
.#.#.....#.##.......#####.
...+.......##..#....#
...#................#
....#+###..##...#...#
......#....§..........
...........§§§§.......


You could see an orc priest and an orc.

Vanquished Creatures
  Pikel (D:4)
  Menkaure (D:4)
  Duvessa (D:4)
  2 slaves
  Dowan (D:4)
  A giant frog skeleton (D:4)
  An orc priest (D:4)
  4 worker ants
  A worm (D:3)
  2 giant geckos
  An orc (D:4)
  A ball python (D:2)
  4 giant cockroaches
  3 hobgoblins
  9 bats
  2 giant newts
  5 goblins
  6 jackals (D:5)
  7 kobolds
  4 rats
57 creatures vanquished.

Notes
Turn   | Place    | Note
--------------------------------------------------------------
     0 | D:1      | nuthulu the Gargoyle Fighter began the quest for the Orb.
     0 | D:1      | Reached XP level 1. HP: 14/14 MP: 1/1
   421 | D:1      | Reached XP level 2. HP: 17/19 MP: 2/2
   526 | D:1      | You fall through a shaft!
   750 | D:1      | You fall through a shaft!
   776 | D:2      | Found a bloodstained altar of Trog.
  1914 | D:3      | Reached XP level 3. HP: 24/24 MP: 3/3
  1991 | D:3      | Found a blossoming altar of Fedhas.
  2003 | D:3      | Found a shimmering altar of Xom.
  2003 | D:3      | Found a shimmering altar of Xom.
  2003 | D:3      | Found a shimmering altar of Xom.
  2004 | D:3      | Found a shimmering altar of Xom.
  2004 | D:3      | Found a shimmering altar of Xom.
  2418 | D:3      | Found a shadowy altar of Dithmenos.
  2662 | D:4      | Reached skill level 4 in Fighting
  2662 | D:4      | Reached XP level 4. HP: 22/29 MP: 4/4
  2732 | D:4      | Noticed Duvessa
  2733 | D:4      | Noticed Dowan
  3006 | D:4      | Found a burning altar of Makhleb.
  3030 | D:4      | Reached XP level 5. HP: 27/33 MP: 5/5
  3230 | D:4      | Noticed a slave
  3255 | D:4      | Noticed a slave
  3256 | D:4      | Noticed Pikel
  3256 | D:4      | Noticed a slave
  3257 | D:4      | Noticed a slave
  3269 | D:5      | Entered Level 5 of the Dungeon
  3288 | D:5      | Killed a slave
  3712 | D:5      | Noticed Sigmund
  3829 | D:4      | Killed Duvessa
  3829 | D:4      | Reached XP level 6. HP: 27/40 MP: 6/6
  3845 | D:4      | Killed Dowan
  3942 | D:4      | Noticed Menkaure
  3962 | D:4      | Killed Menkaure
  3962 | D:4      | Reached skill level 5 in Fighting
  3962 | D:4      | Reached skill level 5 in Shields
  3962 | D:4      | Reached XP level 7. HP: 6/44 MP: 7/7
  4252 | D:4      | Killed a slave
  4432 | D:4      | Killed Pikel
  4432 | D:4      | Reached skill level 6 in Fighting
  4432 | D:4      | Reached skill level 5 in Maces & Flails
  4432 | D:4      | Reached XP level 8. HP: 18/51 MP: 8/8
  4670 | D:4      | Killed from afar by an orc priest

Vault maps used:
D:1:      dpeg_arrival_pits
D:2:      lightli_temple_of_fire
D:3:      lemuel_crystal_altar, xom_redecorated, fedhas_altar_3, hex_medium
D:4:      bloody_makhleb, first_bread, uniq_menkaure, uniq_pikel, uniq_duvessa
D:5:      gammafunk_temple_overflow_elements, serial_shops, shop,
          roderic_roman_lattice, uniq_edmund, uniq_crazy_yiuf_cottage,
          uniq_sigmund

Action                   |  1- 3 |  4- 6 |  7- 9 || total
-------------------------+-------+-------+-------++-------
Melee: Flail             |   105 |   152 |    37 ||   294
       Whip              |       |       |    26 ||    26
  Use: Scroll            |     7 |     6 |       ||    13
       Potion            |       |     1 |     1 ||     2
  Eat: Chunk             |     5 |     1 |     1 ||     7
       Bread ration      |       |     1 |     1 ||     2
